 Dungeon Crawl Stone Soup version 0.31-a0-479-g91c9547826 (webtiles) character file.

Game seed: 10891539832103738399

6 Morbidden the Changeling (level 1, 0/10 HPs)
             Began as a Vine Stalker Shapeshifter on Aug 7, 2023.
             Frozen to death by an endoplasm (2 damage)
             ... on level 1 of the Dungeon.
             The game lasted 00:00:26 (204 turns).

Morbidden the Changeling (Vine Stalker Shapeshifter) Turns: 204, Time: 00:00:27

Health: 0/10       AC:  2    Str: 17    XL:     1   Next: 90%
Magic:  0/2        EV: 12    Int:  8    God:
Gold:   0          SH:  0    Dex: 14    Spells: 0/0 levels left

rFire   . . .        a - +0 short sword
rCold   . . .        (no shield)
rNeg    . . .        i - +0 animal skin
rPois   .            (helmet currently unavailable)
rElec   .            (cloak currently unavailable)
rCorr   .            (gloves currently unavailable)
SInv    .            (boots currently unavailable)
Will    .....        (no amulet)
Stlth   +            (no ring)
HPRegen 0.21/turn    (no ring)
MPRegen 0.08/turn

%: guardian spirit
@: beast-form
A: beast (slay +2), fangs 2, magic shield, antimagic bite, no potion heal 2
a: Begin Untransformation


You were on level 1 of the Dungeon.
You were a hulking beast.
You visited 1 branch of the dungeon, and saw 1 of its levels.

Inventory:

Hand Weapons
 a - a +0 short sword (weapon)
Armour
 i - a +0 animal skin (worn)
Jewellery
 h - a ring of fire
Talismans
 c - a beast talisman (active)
Scrolls
 g - a scroll of identify {unknown}
Potions
 b - a potion of lignification
 d - a potion of invisibility {unknown}
 e - a potion of mutation {unknown}
 f - a potion of haste {unknown}


   Skills:
 * Level 1.0 Fighting
 * Level 1.7 Dodging
 + Level 3.0 Unarmed Combat
 * Level 3.2 Shapeshifting


You couldn't memorise any spells.
You didn't know any spells.
Your spell library contained the following spells:

 Spells                   Type           Power      Damage    Failure   Level
 Gell's Gravitas          Tloc           0%         N/A       78%         3
 Teleport Other           Tloc           0%         N/A       78%         3
 Dispersal                Tloc           0%         N/A       100%        6


Dungeon Overview and Level Annotations

Branches:
Dungeon (1/15)

Altars:

Shops:
D:1 :


Innate Abilities, Weirdness & Mutations

You are a hulking beast.
Your limbs bulge with bestial killing power. (Slay +2)
You have extremely sharp teeth.
When hurt, damage is shared between your health and your magic reserves.
Your bite disrupts and absorbs the magic of your enemies.
Potions cannot restore your health.


Message History

The kobold is severely wounded.
The kobold hits you with a +0 whip.
There are monsters nearby!
You hit the kobold.
You kill the kobold!
The rat bites you.
You closely miss the rat. The rat barely misses you.
An endoplasm comes into view.
Unknown command.
The endoplasm quivers.
You hit the rat.
You kill the rat!
Unknown command.
You closely miss the goblin. Your bite misses the goblin.
The goblin hits you with a +0 club.
Unknown command.
You barely miss the goblin. The goblin hits you with a +0 club.
Unknown command.
You are too injured to fight recklessly!
Unknown command.
You are too injured to fight recklessly!
Unknown command.
You are too injured to fight recklessly!
Unknown command.
You are too injured to fight recklessly!
Unknown command.
You are too injured to fight recklessly!
Unknown command.
You hit the goblin.
You kill the goblin!
Unknown command.
Items here: ( )) ††.
You barely miss the endoplasm. The endoplasm freezes you.
You are frozen.
* * * LOW HITPOINT WARNING * * *
You completely miss the endoplasm. The endoplasm freezes you.
You are frozen.
You die...

###...#......#
##~.#~.#
###........#
#...'..#
####...####
#...'..# ###....###
#.~.#~.#
#.......##...~8#~.#
.
#..........##~.#~.#
...###..........
#~.#~..
...............
#~8#~~~
....)..h.......
#~.####
#.....J......##
#............#
#......#######
#...... .......
....... .......


You could see an endoplasm.

Vanquished Creatures
  A quokka (D:1)
  2 bats (D:1)
  A goblin (D:1)
  2 kobolds (D:1)
  A rat (D:1)
7 creatures vanquished.

Notes
Turn   | Place    | Note
-------+----------+-------------------------------------------
     0 | D:1      | Morbidden the Vine Stalker Shapeshifter began the quest for
                  | the Orb.
     0 | D:1      | Reached XP level 1. HP: 9/9 MP: 2/2
   158 | D:1      | Found Eryrefec's Book Emporium.
   167 | D:1      | Reached skill level 1 in Fighting
   204 | D:1      | Frozen to death by an endoplasm

Illustrated notes

Levels and vault maps discovered:
D:1:      lightli_arrival_isolated_outpost, layout_basic, serial_shops, shop,
          chequers_serial_rivers_small_b

Skill      XL: |  1 |
---------------+----+-----
Fighting       | 1 |  1.0
Dodging        | |  1.7
Unarmed Combat | |  3.0
Shapeshifting  | |  3.2

Action                     || total
---------------------------++-------
  Melee: Short sword       ||    13
         Unarmed           ||     2
         Bite              ||     1
   Stab: Sleeping          ||     1
 Armour: Animal skin       ||     1
  Dodge: Dodged            ||     7

Table legend: (Time is in decaauts)
 A = Elapsed time spent in this place.
 B = Non-inter-level travel time spent in this place.
 C = Inter-level travel time spent in this place.
 D = Time resting spent in this place.
 E = Time spent auto-exploring this place.
 F = Levels seen in this place.
 G = Mean time per level.
                   A        B        C        D        E       F      G
               +--------+--------+--------+--------+--------+-----+--------+
         Total |    207 |    207 |      0 |      0 |    164 |   1 |  207.0 |
       Dungeon |    207 |    207 |      0 |      0 |    164 |   1 |  207.0 |
               +--------+--------+--------+--------+--------+-----+--------+

Top non-repeatable levels by time:
     D:1: 207 daAuts
